 Dungeon Crawl Stone Soup version 0.27-a0-1277-g3808f8b1c9 (webtiles) character file.

Game seed: 7771103576926134067

149 Glokmah the Poker (level 5, -4/32 HPs)
             Began as a Tengu Monk on June 12, 2021.
             Slain by a black bear (8 damage)
             ... on level 4 of the Dungeon.
             The game lasted 00:06:14 (3937 turns).

Glokmah the Poker (Tengu Monk)                      Turns: 3937, Time: 00:06:15

Health: -4/32      AC:  7    Str: 11    XL:     5   Next: 31%
Magic:  7/7        EV: 14    Int: 11    God:
Gold:   175        SH:  0    Dex: 17    Spells: 6/6 levels left

rFire    . . .     SeeInvis .   a - +0 trident
rCold    . . .     Faith    .   (no shield)
rNeg     . . .     Spirit   .   v - +0 ring mail
rPois    .         Reflect  .   (helmet restricted)
rElec    .         Harm     .   (no cloak)
rCorr    .         Rampage  .   t - +1 pair of gloves
Will     .....                  (boots unavailable)
Stlth    +.........             (no amulet)
HPRegen  0.10/turn              (no ring)
MPRegen  0.10/turn              (no ring)

@: flying quickly and evasively, very slightly contaminated, invisible, quick
A: beak, talons 3, nimble flight
a: no special abilities


You were on level 4 of the Dungeon.
You visited 1 branch of the dungeon, and saw 4 of its levels.

You collected 175 gold pieces.

Inventory:

Hand Weapons
 a - a +0 trident (weapon)
 e - a +1 spear
Missiles
 d - 83 stones (quivered)
Armour
 t - a +1 pair of gloves (worn)
 v - a +0 ring mail (worn)
Jewellery
 n - an amulet of faith
Scrolls
 c - a scroll of magic mapping
 j - 2 scrolls of teleportation
 k - a scroll of enchant armour
Potions
 b - a potion of lignification {unknown}
 g - a potion of might
 i - a potion of mutation {unknown}
 l - a potion of berserk rage {unknown}
 m - a potion of heal wounds {unknown}


   Skills:
 + Level 3.6 Fighting
 * Level 4.8 Polearms
 + Level 0.1 Armour
 - Level 4.0 Dodging
 - Level 2.0 Stealth
 + Level 1.2 Spellcasting
 + Level 1.5 Summonings


You had 6 spell levels left.
You didn't know any spells.
Your spell library contained the following spells:

 Spells                   Type           Power      Damage    Failure   Level
 Haunt                    Necr/Summ      1%         N/A       100%        7
 Malign Gateway           Summ/Tloc      1%         N/A       100%        7
 Monstrous Menagerie      Summ           2%         N/A       100%        7
 Summon Horrible Things   Summ           2%         N/A       100%        8


Dungeon Overview and Level Annotations

Branches:
Dungeon (4/15)
 Temple: D:4-7

Altars:
Qazlal
Trog

Annotations:
D:3 1 runed translucent door, 1 exclusion, Crazy Yiuf


Innate Abilities, Weirdness & Mutations

You have a beak for a mouth.
You have claws for feet.
Your magical nature lets you fly swiftly and evasively.


Message History

You barely miss the black bear.
The black bear is severely wounded.
The black bear goes berserk!
The black bear bites you but does no damage.
The black bear barely misses you.
The black bear claws you but does no damage.
The black bear bites you but does no damage.
The black bear barely misses you.
The black bear claws you but does no damage.
The black bear rages.
The black bear bites you.
The black bear claws you but does no damage.
The black bear barely misses you.
The black bear rages.
The black bear misses you. The black bear barely misses you.
The black bear claws you but does no damage.
The black bear rages.
The black bear completely misses you. The black bear closely misses you.
The black bear claws you.
* * * LOW HITPOINT WARNING * * *
Throw: 84 stones
Press: ? - help, Q - select action Shift-Dir - straight line, f/p - black bear
Aim: a black bear (severely wounded, berserk, 68% to hit)
You throw a stone.
The stone closely misses the black bear.
The black bear closely misses you. The black bear misses you.
The black bear claws you but does no damage.
You hit the black bear. You claw the black bear. You peck the black bear.
The black bear is almost dead.
The black bear bites you but does no damage.
The black bear claws you but does no damage.
The black bear completely misses you. The black bear barely misses you. x2
The black bear claws you.
* * * LOW HITPOINT WARNING * * *
You fade into invisibility!
The black bear closely misses you. The black bear completely misses you.
The black bear claws you but does no damage.
You are very lightly contaminated with residual magic.
The black bear bites you!
You die...

..............(......############
......###########..............*,
......#....#....#..............+,
.....(#....#....#..............*,
......#....'....#(.............*,
......'....#....#...[..........*,
.>....#....#....#(.............*,
......#######'###..............,,
###.....(......h@....#'#.######**
#..................#.#.# *
#....).........(...###.#** *
#..................#,,..,* *
#..................#,,_.,* *
#........###'#.....#,,...* *
#........#...#######,***,*
#........#.........#,*,*,*
#........#.........#,***,*


You could see a black bear (berserk).

Vanquished Creatures
  An orc priest (D:2)
  2 adders (D:3)
  A gnoll (D:1)
  3 worms
  2 dart slugs
  6 orcs
  8 ball pythons
  5 endoplasms
  3 giant cockroaches
  9 goblins
  6 hobgoblins
  5 jackals
  A kobold (D:4)
  4 quokkas
  5 bats
  2 frilled lizards
  2 rats
65 creatures vanquished.

Notes
Turn   | Place    | Note
-------+----------+-------------------------------------------
     0 | D:1      | Glokmah the Tengu Monk began the quest for the Orb.
     0 | D:1      | Reached XP level 1. HP: 14/14 MP: 2/2
   168 | D:1      | Reached XP level 2. HP: 18/19 MP: 3/3
   488 | D:1      | Reached XP level 3. HP: 9/23 MP: 4/4
  1302 | D:2      | Reached XP level 4. HP: 23/28 MP: 5/5
  1662 | D:1      | Reached skill level 1 in Summonings
  1733 | D:2      | Reached skill level 1 in Spellcasting
  2454 | D:3      | Found a stormy altar of Qazlal.
  2660 | D:3      | Gained mutation: Your magical nature lets you fly swiftly
                  | and evasively. [Tengu growth]
  2660 | D:3      | Reached XP level 5. HP: 21/32 MP: 7/7
  2883 | D:3      | Noticed a phantom
  3268 | D:3      | Found a runed translucent door.
  3269 | D:3      | Noticed Crazy Yiuf
  3774 | D:4      | Found a bloodstained altar of Trog.
  3848 | D:4      | Noticed a black bear
  3937 | D:4      | Slain by a black bear

Illustrated notes

Levels and vault maps discovered:
D:1:      eino_arrival_cavern_e, layout_basic, wad_floor_pattern_2,
          minmay_split_cup_small
D:2:      layout_rooms
D:3:      layout_basic, grunt_qazlal_clouds, uniq_sigmund,
          uniq_crazy_yiuf_cottage
D:4:      layout_gridville, trog_wizard

Skill      XL: |  1  2  3  4  5 |
---------------+----------------+-----
Polearms       | 4 |  4.8
Summonings     | 1 |  1.5
Spellcasting   | 1 |  1.2
Dodging        | 4 |  4.0
Fighting       | |  3.6
Armour         | |  0.1
Stealth        | |  2.0

Action                   |  1- 3 |  4- 6 || total
-------------------------+-------+-------++-------
Melee: Spear             |    92 |    84 ||   176
       Kick              |    17 |    25 ||    42
       Peck              |     9 |    17 ||    26
       Trident           |       |     7 ||     7
Throw: Dart              |       |    23 ||    23
       Stone             |       |     1 ||     1
  Use: Scroll            |       |    11 ||    11
       Potion            |       |     1 ||     1
 Stab: Sleeping          |     2 |       ||     2
Armor: Robe              |     6 |     5 ||    11
       Ring mail         |       |    18 ||    18
Dodge: Dodged            |    30 |    59 ||    89

Table legend: (Time is in decaauts)
 A = Elapsed time spent in this place.
 B = Non-inter-level travel time spent in this place.
 C = Inter-level travel time spent in this place.
 D = Time resting spent in this place.
 E = Time spent auto-exploring this place.
 F = Levels seen in this place.
 G = Mean time per level.
                   A        B        C        D        E       F      G
               +--------+--------+--------+--------+--------+-----+--------+
         Total |   3855 |   3591 |    264 |   1084 |   1692 |   4 |  963.8 |
       Dungeon |   3855 |   3591 |    264 |   1084 |   1692 |   4 |  963.8 |
               +--------+--------+--------+--------+--------+-----+--------+

Top non-repeatable levels by time:
     D:1: 1449 daAuts
     D:3: 1093 daAuts
     D:2: 930 daAuts
     D:4: 382 daAuts
